 Dungeon Crawl Stone Soup version 0.30-a0-4-ga7cffc901d (webtiles) character file.

Game seed: 8218194537099254270

388 Setbun the Sneak (level 7, -1/40 HPs)
             Began as a Kobold Enchanter on Aug 20, 2022.
             Slain by a kobold brigand
             ... wielding a +0 dagger
              (6 damage)
             ... on level 4 of the Dungeon.
             The game lasted 00:04:10 (4059 turns).

Setbun the Sneak (Kobold Enchanter)                 Turns: 4059, Time: 00:04:11

Health: -1/40      AC:  3    Str:  5    XL:     7   Next: 7%
Magic:  7/20       EV: 16    Int: 16    God:
Gold:   144        SH:  0    Dex: 18    Spells: 7/12 levels left

rFire   . . .      SeeInvis .    q - +2 dagger (venom)
rCold   . . .      Faith    .    (no shield)
rNeg    . . .      Spirit   .    b - +0 robe
rPois   .          Reflect  .    p - +0 helmet
rElec   .          Harm     .    (no cloak)
rCorr   .          Rampage  .    (no gloves)
Will    .....                    (no boots)
Stlth   ++++......               (no amulet)
HPRegen 0.13/turn                g - ring of magical power
MPRegen 0.17/turn                (no ring)

@: no status effects
A: small, no large weapons, nightstalker 3
a: no special abilities


You were on level 4 of the Dungeon.
You visited 1 branch of the dungeon, and saw 4 of its levels.

You collected 144 gold pieces.

Inventory:

Hand Weapons
 a - a +1 dagger
 q - a +2 dagger of venom (weapon)
Armour
 b - a +0 robe (worn)
 p - a +0 helmet (worn)
Jewellery
 g - a ring of magical power (left hand)
Scrolls
 d - 2 scrolls of teleportation {unknown}
 f - a scroll of silence {unknown}
 h - a scroll of enchant armour {unknown}
 m - a scroll of blinking {unknown}
 n - 4 scrolls of identify {unknown}
 o - a scroll of fog {unknown}
 r - a scroll of poison {unknown}
 s - 3 scrolls of vulnerability {unknown}
 t - a scroll of enchant weapon {unknown}
 u - a scroll of magic mapping {unknown}
Potions
 c - 2 potions of invisibility
 e - a potion of lignification {unknown}
 i - a potion of cancellation {unknown}
 j - a potion of heal wounds {unknown}
 k - a potion of flight {unknown}
 l - 2 potions of brilliance {unknown}


   Skills:
 + Level 2.3 Fighting
 * Level 5.0 Short Blades
 + Level 3.8 Dodging
 + Level 5.3 Stealth
 + Level 3.1 Spellcasting
 + Level 3.9 Hexes


You had 7 spell levels left.
You knew the following spells:

 Your Spells              Type           Power      Damage    Failure   Level
a - Confusing Touch       Hex            15%        N/A       11%         3
b - Ensorcelled Hibernat  Hex/Ice        16%        N/A       12%         2

Your spell library contained the following spells:

 Spells                   Type           Power      Damage    Failure   Level
 Tukima's Dance           Hex            15%        N/A       11%         3
 Dazzling Flash           Conj/Hex       16%        N/A       24%         3
 Static Discharge         Conj/Air       2%         3-4/arc   28%         2
 Stone Arrow              Conj/Erth      4%         3d7       50%         3
 Animate Armour           Summ/Erth      4%         N/A       88%         4
 Dispel Undead            Necr           2%         3d7       88%         4
 Sticky Flame             Conj/Fire      2%         2d3       88%         4
 Lehudib's Crystal Spear  Conj/Erth      1%         10d2      100%        8


Dungeon Overview and Level Annotations

Branches:
Dungeon (4/15)
 Temple: D:4-7

Altars:
Sif Muna


Innate Abilities, Weirdness & Mutations

You are small and have problems with some larger weapons.
You are completely attuned to the shadows.


Message History

You feel sick.
Your magical contamination has completely faded away.
You feel sick.
The kobold brigand throws a throwing net.
The throwing net closely misses you.
You see here a throwing net.
You feel sick.
You feel sick.
You are no longer poisoned.
Casting: Ensorcelled Hibernation (safe; 12% risk of failure)
Confirm with . or Enter, or press ? or * to list all spells.
Aiming: Ensorcelled Hibernation (safe; 12% risk of failure)
Press: ? - help, Shift-Dir - straight line, f - kobold, p - kobold brigand
Aim: a kobold, wielding a +0 dagger and quivering stones (chance to affect: 59%)
The kobold brigand is unaffected.
Casting: Ensorcelled Hibernation (safe; 12% risk of failure)
Confirm with . or Enter, or press ? or * to list all spells.
Aiming: Ensorcelled Hibernation (safe; 12% risk of failure)
Press: ? - help, Shift-Dir - straight line, f/p - kobold
Aim: a kobold, wielding a +0 dagger and quivering stones (chance to affect: 59%)
The kobold brigand is unaffected.
The kobold brigand attacks as you move away!
The kobold brigand barely misses you.
The kobold brigand looks more healthy.
Casting: Ensorcelled Hibernation (safe; 12% risk of failure)
Confirm with . or Enter, or press ? or * to list all spells.
Aiming: Ensorcelled Hibernation (safe; 12% risk of failure)
Press: ? - help, Shift-Dir - straight line, f/p - kobold
Aim: a kobold, wielding a +0 dagger and quivering stones (chance to affect: 59%)
The kobold brigand is unaffected.
The kobold brigand hits you with a +0 dagger.
* * * LOW HITPOINT WARNING * * *
Casting: Ensorcelled Hibernation (safe; 12% risk of failure)
Confirm with . or Enter, or press ? or * to list all spells.
Aiming: Ensorcelled Hibernation (safe; 12% risk of failure)
Press: ? - help, Shift-Dir - straight line, f/p - kobold
Aim: a kobold, wielding a +0 dagger and quivering stones (chance to affect: 59%)
The kobold brigand is unaffected.
The kobold brigand hits you with a +0 dagger.
You die...

##...#.# ####..÷.§... .....#+###
#..)K..)§... .........#
#(##K....... .........#
#.##PP.....# .........#
#(##♣PP~..#P .........# #K#
P♣♣♣♣## ### .........# #K#
##########.# ...####### #K#
#........... ...#
####@#####........... .[.#
......#....######'### ##.#
......#....# #..# ####
......#....#####.## ###
.)....'....+.....# ..#
##+####....####..# ..#
#######+#..+....'.....####
..######..........#....##.#####~~
..##...'..........#....##..###~~~


You could see a kobold brigand and 2 kobolds.

Vanquished Creatures
  Sigmund (D:3)
  2 scorpions (D:4)
  Crazy Yiuf (D:3)
  Robin (D:3)
  2 adders
  An orc (D:4)
  3 ball pythons
  6 bats
  6 endoplasms
  A giant cockroach (D:4)
  9 hobgoblins
  4 jackals (D:3)
  9 kobolds
  2 quokkas (D:1)
  A frilled lizard (D:1)
  10 goblins
  3 rats
62 creatures vanquished.

Vanquished Creatures (others)
  5 plants (D:4)
5 creatures vanquished.

Grand Total: 67 creatures vanquished

Notes
Turn   | Place    | Note
-------+----------+-------------------------------------------
     0 | D:1      | Setbun the Kobold Enchanter began the quest for the Orb.
     0 | D:1      | Reached XP level 1. HP: 10/10 MP: 3/3
    66 | D:1      | Reached XP level 2. HP: 15/15 MP: 5/5
   739 | D:1      | Reached XP level 3. HP: 20/20 MP: 6/6
   811 | D:2      | Found a shimmering blue altar of Sif Muna.
  2291 | D:3      | Reached XP level 4. HP: 21/24 MP: 7/7
  2334 | D:3      | Noticed Sigmund
  2338 | D:3      | Killed Sigmund
  2339 | D:3      | Reached skill level 1 in Fighting
  2339 | D:3      | Reached skill level 5 in Stealth
  2339 | D:3      | Reached XP level 5. HP: 30/30 MP: 7/9
  2339 | D:3      | Reached XP level 6. HP: 35/35 MP: 7/10
  2368 | D:3      | Learned a level 3 spell: Confusing Touch
  2371 | D:3      | Learned a level 2 spell: Ensorcelled Hibernation
  2456 | D:3      | Noticed Robin
  2636 | D:3      | Killed Robin
  3272 | D:3      | Found a runed translucent door.
  3275 | D:3      | Noticed Crazy Yiuf
  3389 | D:3      | Killed Crazy Yiuf
  3830 | D:4      | Reached skill level 5 in Short Blades
  3830 | D:4      | Reached XP level 7. HP: 21/40 MP: 11/11
  4059 | D:4      | Slain by a kobold brigand

Illustrated notes

Levels and vault maps discovered:
D:1:      lemuel_arrival_behind_the_door_large, layout_basic
D:2:      layout_basic, basic_altar
D:3:      layout_rooms, uniq_sigmund, uniq_robin, uniq_crazy_yiuf_cottage
D:4:      cheibrodos_helix_gallery, layout_basic, lexackson_kobold_supper

Skill      XL: |  1  2  3  4  5  6 |
---------------+-------------------+-----
Short Blades   | 2 3 4 5 |  5.0
Fighting       | 1 2 |  2.3
Dodging        | 3 |  3.8
Stealth        | 5 |  5.3
Spellcasting   | 3 |  3.1
Hexes          | |  3.9

Action                   |  1- 3 |  4- 6 |  7- 9 || total
-------------------------+-------+-------+-------++-------
Melee: Dagger            |    92 |    85 |     3 ||   180
       Punch             |       |     1 |       ||     1
 Cast: Ensorcelled Hiber |       |     8 |     7 ||    15
       Confusing Touch   |       |     1 |       ||     1
 Stab: Sleeping          |    19 |    10 |     2 ||    31
       Distracted        |       |     1 |       ||     1
Armor: Robe              |    14 |    13 |     2 ||    29
Dodge: Dodged            |    57 |    69 |    12 ||   138

Table legend: (Time is in decaauts)
 A = Elapsed time spent in this place.
 B = Non-inter-level travel time spent in this place.
 C = Inter-level travel time spent in this place.
 D = Time resting spent in this place.
 E = Time spent auto-exploring this place.
 F = Levels seen in this place.
 G = Mean time per level.
                   A        B        C        D        E       F      G
               +--------+--------+--------+--------+--------+-----+--------+
         Total |   4028 |   3945 |     83 |    827 |   2645 |   4 | 1007.0 |
       Dungeon |   4028 |   3945 |     83 |    827 |   2645 |   4 | 1007.0 |
               +--------+--------+--------+--------+--------+-----+--------+

Top non-repeatable levels by time:
     D:3: 1345 daAuts
     D:2: 1269 daAuts
     D:1: 802 daAuts
     D:4: 610 daAuts
